 Dungeon Crawl Stone Soup version 0.27-a0-531-gb72ec1a1b6 (webtiles) character file.

Game seed: 10101510291601501099

1227 jasper the Skirmisher (level 8, -1/67 HPs)
             Began as a Demonspawn Delver on Mar 5, 2021.
             Was an Initiate of Ashenzari.
             Slain by a wyvern (6 damage)
             ... on level 8 of the Dungeon.
             The game lasted 00:10:13 (7418 turns).

jasper the Skirmisher (Demonspawn Delver)           Turns: 7418, Time: 00:10:14

Health: -1/67      AC:  5    Str: 12    XL:     8   Next: 23%
Magic:  8/8        EV: 12    Int: 14    God:    Ashenzari [......]
Gold:   271        SH:  3    Dex: 15    Spells: 7/7 levels left

rFire    + . .     SeeInvis +     - Unarmed
rCold    . . .     Faith    .   m - +0 buckler
rNeg     . . .     Spirit   .   g - +0 ring mail
rPois    .         Reflect  .   (no helmet)
rElec    .         Harm     .   (no cloak)
rCorr    .         Rampage  .   (no gloves)
Will     .....                  (no boots)
Stlth    ++........             t - amulet of the acrobat
HPRegen  0.21/turn              k - ring of see invisible
MPRegen  0.11/turn              r - ring of protection from fire

@: no status effects
A: talons 2, repulsion field 1, demonic magic 2
a: Renounce Religion


You were on level 8 of the Dungeon.
You worshipped Ashenzari.
Ashenzari was noncommittal.
You visited 1 branch of the dungeon, and saw 8 of its levels.

You collected 271 gold pieces.

Inventory:

Missiles
 e - 217 stones (quivered)
 h - 3 atropa-tipped darts
Armour
 a - a +0 leather armour
 g - a +0 ring mail (worn)
 m - a +0 buckler (worn)
Jewellery
 k - a ring of see invisible (left hand)
 r - a ring of protection from fire (right hand)
 t - an amulet of the acrobat (around neck)
Wands
 f - a wand of digging (3)
 p - a wand of random effects (8)
Scrolls
 b - a scroll of fog
 c - a scroll of magic mapping
 d - a scroll of blinking
 i - 2 scrolls of fear
 s - a scroll of random uselessness
 u - a scroll of identify
 v - a scroll of teleportation
Potions
 j - 2 potions of flight
 o - 2 potions of attraction
 q - a potion of resistance


   Skills:
 + Level 7.6 Fighting
 - Level 1.9 Dodging
 - Level 4.6 Stealth
 + Level 6.6 Unarmed Combat


You had 7 spell levels left.
You didn't know any spells.
Your spell library was empty.

Dungeon Overview and Level Annotations

Branches:
Dungeon (8/15)
 Temple: D:4-7         Lair: D:8-11

Altars:
Ashenzari
Fedhas
Gozag
Ru
Wu Jian
Xom
Zin
The Shining One

Annotations:
D:4 Eustachio
D:5 Dowan, Grinder
D:7 3 runed translucent doors, hehateme's ghost, novice HuGl


Innate Abilities, Weirdness & Mutations

You have razor-sharp toenails.
You are surrounded by a mild repulsion field. (EV +2)
Spells you cast may paralyse nearby enemies.


Message History

You throw a stone. The wyvern hisses angrily.
The stone hits the wyvern but does no damage.
The wyvern barely misses you.
You hit the wyvern.
The wyvern is lightly wounded.
The wyvern bites you!
You take 11 damage, and have 42/67 hp.
You are too injured to fight recklessly!
You are too injured to fight recklessly!
You completely miss the wyvern. Your kick misses the wyvern.
The wyvern is lightly wounded.
The wyvern bites you.
You take 1 damage, and have 41/67 hp.
You hit the wyvern.
The wyvern is lightly wounded.
You block the wyvern's attack. The wyvern bites you!
You take 13 damage, and have 28/67 hp.
You hit the wyvern.
The wyvern is moderately wounded.
The wyvern bites you.
You take 3 damage, and have 25/67 hp.
You barely miss the wyvern. Your kick misses the wyvern.
The wyvern is moderately wounded.
The wyvern closely misses you.
You punch the wyvern! Your kick misses the wyvern.
The wyvern is heavily wounded.
The wyvern barely misses you. The wyvern bites you.
You take 3 damage, and have 22/67 hp.
You hit the wyvern.
The wyvern is severely wounded.
The wyvern bites you!
* * * LOW HITPOINT WARNING * * *
You take 10 damage, and have 12/67 hp.
You hit the wyvern. You claw the wyvern, but do no damage.
The wyvern is severely wounded.
The wyvern bites you!
* * * LOW HITPOINT WARNING * * *
The wyvern bites you.
You die...

#.. #.# #.# #.#
###.## #...#.
#.#.#.## # #.#.##.#
.# #.#..#@##.#
#<#.#l#..#
#.#.#(.##.#
#.#.###.#######
#.#............
...................
..................#
....##.######.#####
### #.# ..#


You could see a wyvern.

Vanquished Creatures
  A wraith (D:8)
  A necrophage (D:6)
  A phantom (D:5)
  A bullfrog (D:6)
  A scorpion (D:6)
  A gnoll shaman (D:6)
  2 hounds
  A bullfrog zombie (D:6)
  2 centaur skeletons (D:7)
  A bullfrog skeleton (D:4)
  2 orc priests (D:5)
  An iguana (D:5)
  3 orc wizards
  3 worker ants
  3 killer bee zombies
  10 gnolls
  8 adders
  A shadow imp (D:4)
  An ufetubus (D:5)
  2 oozes
  An adder zombie (D:6)
  A worm (D:2)
  A dart slug (D:3)
  5 leopard geckos
  An orc (D:5)
  A ball python (D:1)
  7 giant cockroaches
  9 goblins
  8 hobgoblins
  14 jackals
  8 kobolds
  3 quokkas
  10 bats
  7 frilled lizards
  7 rats
129 creatures vanquished.

Vanquished Creatures (others)
  5 fungi (D:5)
  5 toadstools (D:5)
10 creatures vanquished.

Grand Total: 139 creatures vanquished

Notes
Turn   | Place    | Note
-------+----------+-------------------------------------------
     0 | D:5      | jasper the Demonspawn Delver began the quest for the Orb.
     0 | D:5      | Reached XP level 1. HP: 18/18 MP: 1/1
    34 | D:4      | Noticed a hound
   216 | D:4      | Killed a hound
   217 | D:4      | Gained mutation: Spells you cast may paralyse adjacent
                  | enemies. [demonic ancestry]
   217 | D:4      | Reached XP level 2. HP: 20/24 MP: 2/2
   217 | D:4      | Reached XP level 3. HP: 25/29 MP: 3/3
   466 | D:3      | Found a shimmering altar of Xom.
   870 | D:2      | Found a sacrificial altar of Ru.
   948 | D:2      | Reached skill level 4 in Fighting
   948 | D:2      | Reached XP level 4. HP: 27/37 MP: 4/4
  2312 | D:2      | Gained mutation: You are surrounded by a mild repulsion
                  | field. (EV +2) [demonic ancestry]
  2312 | D:2      | Reached XP level 5. HP: 37/43 MP: 5/5
  3917 | D:4      | Reached skill level 5 in Fighting
  4049 | D:4      | Noticed Eustachio
  4217 | D:5      | Gained mutation: You have sharp toenails. [demonic
                  | ancestry]
  4217 | D:5      | Reached XP level 6. HP: 48/51 MP: 6/6
  4267 | D:5      | Noticed Dowan
  5030 | D:5      | Noticed Grinder
  5073 | D:5      | Reached skill level 6 in Fighting
  5073 | D:5      | Reached skill level 5 in Unarmed Combat
  5073 | D:5      | Gained mutation: You have razor-sharp toenails. [demonic
                  | ancestry]
  5073 | D:5      | Reached XP level 7. HP: 58/58 MP: 7/7
  5297 | D:6      | Found a blossoming altar of Fedhas.
  6596 | D:6      | Reached skill level 7 in Fighting
  6671 | D:7      | Gained mutation: Spells you cast may paralyse nearby
                  | enemies. [demonic ancestry]
  6671 | D:7      | Reached XP level 8. HP: 65/67 MP: 8/8
  6766 | D:7      | Found an ornate altar of the Wu Jian Council.
  6844 | D:7      | Found a runed translucent gate.
  6845 | D:7      | Found a runed translucent gate.
  6846 | D:7      | Found a runed translucent gate.
  6847 | D:7      | Found an opulent altar of Gozag.
  6848 | D:7      | Noticed hehateme's ghost (novice HuGl)
  6849 | D:7      | Noticed a gargoyle
  6897 | D:7      | Found a broken altar of Ashenzari.
  7036 | D:7      | Became a worshipper of Ashenzari the Shackled
  7418 | D:8      | Slain by a wyvern

Illustrated notes

Levels and vault maps discovered:
D:1:      tarquinn_simple_flora_water_a, layout_basic
D:2:      layout_basic, kennysheep_cross_room,
          nicolae_ru_great_annihilating_truth
D:3:      layout_loops_ring, lemuel_coloured_pillars_altar
D:4:      layout_basic, marbit_many_paths, minmay_temple_entry_steel_oval,
          uniq_eustachio
D:5:      layout_gridville, grunt_ministairs_6, minmay_gold_behind_fungi,
          uniq_sigmund, uniq_grinder, uniq_duvessa, uniq_menkaure
D:6:      layout_basic, gammafunk_temple_overflow_elements
D:7:      layout_loops_ring, nzn_wu_jian_contemplation, kennysheep_little_box,
          serial_shops, nicolae_shop_competitors_out_of_business,
          ebering_ghost_gozag
D:8:      minmay_ornate_pinched, layout_loops_ring, minmay_lair_entry_grove,
          serial_shops, shop, minmay_guarded_unrand_finisher

Skill      XL: |  1  2  3  4  5  6  7 |
---------------+----------------------+-----
Unarmed Combat | 2 3 4 5 6 |  6.6
Fighting       | 4 5 6 7 |  7.6
Dodging        | |  1.9
Stealth        | |  4.6

Action                   |  1- 3 |  4- 6 |  7- 9 || total
-------------------------+-------+-------+-------++-------
Melee: Unarmed           |    99 |   353 |   216 ||   668
       Punch             |     2 |     6 |     2 ||    10
       Kick              |       |    19 |    53 ||    72
Throw: Stone             |       |    58 |    22 ||    80
Evoke: Wand              |       |    14 |     1 ||    15
  Use: Scroll            |     1 |     8 |       ||     9
       Potion            |     1 |     4 |     3 ||     8
 Stab: Sleeping          |     3 |    11 |     4 ||    18
       Paralysed         |     2 |       |       ||     2
       Confused          |       |     2 |       ||     2
Armor: Ring mail         |    36 |   108 |    63 ||   207
Dodge: Dodged            |    46 |   192 |   163 ||   401
Block: Buckler           |       |       |    11 ||    11

Table legend: (Time is in decaauts)
 A = Elapsed time spent in this place.
 B = Non-inter-level travel time spent in this place.
 C = Inter-level travel time spent in this place.
 D = Time resting spent in this place.
 E = Time spent auto-exploring this place.
 F = Levels seen in this place.
 G = Mean time per level.
                   A        B        C        D        E       F      G
               +--------+--------+--------+--------+--------+-----+--------+
         Total |   7392 |   7171 |    221 |   1308 |   4246 |   8 |  924.0 |
       Dungeon |   7392 |   7171 |    221 |   1308 |   4246 |   8 |  924.0 |
               +--------+--------+--------+--------+--------+-----+--------+

Top non-repeatable levels by time:
     D:2: 1809 daAuts
     D:6: 1510 daAuts
     D:5: 1162 daAuts
     D:1: 825 daAuts
     D:3: 745 daAuts
     D:4: 625 daAuts
     D:7: 462 daAuts
     D:8: 251 daAuts
